 Dungeon Crawl Stone Soup version 0.22.0-32-gbc6daba (console) character file.

30 removed the Magician (level 3, -1/33 HPs)
             Began as a Deep Dwarf Wizard on Aug 23, 2018.
             Slain by a howler monkey (4 damage)
             ... on level 2 of the Dungeon.
             The game lasted 00:01:19 (1209 turns).

removed the Magician (Deep Dwarf Wizard)            Turns: 1209, Time: 00:01:20

Health: -1/33      AC:  2    Str: 11    XL:     3   Next: 5%
Magic:  2/7        EV: 12    Int: 18    God:
Gold:   13         SH:  0    Dex: 11    Spells: 6/7 levels left

rFire    . . .     SeeInvis .   (no weapon)
rCold    . . .     Gourm    .   (no shield)
rNeg     . . .     Faith    .   e - +0 robe (curse)
rPois    .         Spirit   .   b - +0 hat
rElec    .         Reflect  .   (no cloak)
rCorr    .         Harm     .   (no gloves)
MR       .....                  (no boots)
Stlth    ++........             (no amulet)
HPRegen  0.00/turn              (no ring)
MPRegen  0.10/turn              (no ring)

@: non-regenerating
A: damage resistance, heal wounds, sense surroundings 1, no regeneration
a: Heal Wounds


You were on level 2 of the Dungeon.
You were hungry.

You visited 1 branch of the dungeon, and saw 2 of its levels.

You collected 13 gold pieces.

Inventory:

Armour
 a - a +0 robe
 b - a +0 hat (worn)
 e - a cursed +0 robe (worn)
Scrolls
 f - a scroll of teleportation {unknown}
Potions
 h - a potion of brilliance {unknown}
Comestibles
 d - a ration


   Skills:
 + Level 2.5 Fighting
 - Level 2.1 Dodging
 - Level 2.4 Stealth
 - Level 2.6 Spellcasting
 - Level 0.8 Conjurations
   Level 0.8 Summonings
   Level 1.1 Translocations


You had 6 spell levels left.
You knew the following spells:

 Your Spells              Type           Power        Failure   Level  Hunger
a - Magic Dart            Conj           #...         12%         1    #......

Your spell library contained the following spells:

 Spells                   Type           Power        Failure   Level  Hunger
 Blink                    Tloc           N/A          16%         2    ##.....
 Call Imp                 Summ           #.......     19%         2    ##.....
 Slow                     Hex            #.......     26%         2    ##.....
 Conjure Flame            Conj/Fire      #.......     38%         3    ###....
 Mephitic Cloud           Conj/Pois/Air  #.......     41%         3    ###....


Dungeon Overview and Level Annotations

Branches:
Dungeon (2/15)

Altars:


Innate Abilities, Weirdness & Mutations

You are resistant to damage.
You can heal yourself by infusing magical energy.
You passively map a small area around you.
You do not regenerate.


Message History

The kobold closely misses you.
You hear an angry hiss.
You hear a shout!
You barely miss the howler monkey.
The howler monkey is severely wounded.
The howler monkey hits you. The kobold closely misses you.
Unknown command.
You barely miss the howler monkey.
The howler monkey is severely wounded.
The howler monkey misses you.
Unknown command.
You barely miss the howler monkey.
The howler monkey is severely wounded.
The kobold hits you but does no damage.
The howler monkey hoots and howls with incredible vigour!
You hear an angry hiss.
You hit the howler monkey.
The howler monkey is almost dead.
The howler monkey hoots and howls with incredible vigour!
The kobold hits you with a club. The howler monkey hits you.
You die...

* ..........# , ,
, ....)...>.# * *
........>.# , ,
..........# * , ,
..........# , ,
..<......<# * ,
.##....### , , *
.#..#.##...####.
,......h@K.......
.###..#####..###
, #. ** *#.# , ,
# .# , , , * . *
* # * * * , , , ,
* * ,


You could see a howler monkey and a kobold.

Vanquished Creatures
  An adder (D:2)
  A dart slug (D:1)
  A leopard gecko (D:1)
  2 giant cockroaches (D:1)
  A goblin (D:1)
  2 hobgoblins (D:1)
  2 kobolds (D:1)
  5 bats
  A frilled lizard (D:1)
  4 rats (D:1)
20 creatures vanquished.

Notes
Turn   | Place    | Note
-------+----------+-------------------------------------------
     0 | D:1      | removed the Deep Dwarf Wizard began the quest for the Orb.
     0 | D:1      | Reached XP level 1. HP: 15/15 MP: 4/4
   165 | D:1      | Reached skill level 1 in Fighting
   297 | D:1      | Reached XP level 2. HP: 25/25 MP: 1/5
  1116 | D:2      | Reached XP level 3. HP: 11/33 MP: 0/7
  1209 | D:2      | Slain by a howler monkey

Skill      XL: |  1  2 |
---------------+-------+-----
Fighting       | 1 2 |  2.5
Dodging        | |  2.1
Stealth        | |  2.4
Spellcasting   | |  2.6
Conjurations   | |  0.8
Summonings     | |  0.8
Translocations | |  1.1

Action                   || total
-------------------------++-------
Melee: Unarmed           ||    23
 Cast: Magic Dart        ||    56
Armor: Robe              ||     6
Dodge: Dodged            ||    19
